 Dungeon Crawl Stone Soup version 0.30-a0-439-g9e77e4d916 (webtiles) character file.

Game seed: 16343231749703470226

43840 AigisTheKnight the Geomancer (level 14, -6/92 HPs)
             Began as a Gargoyle Earth Elementalist on Dec 11, 2022.
             Was a High Priest of the Shining One.
             Killed from afar by a fire dragon (60 damage)
             ... with a blast of flame
             ... on level 5 of the Lair of Beasts.
             The game lasted 00:44:08 (21176 turns).

AigisTheKnight the Geomancer (GrEE)                Turns: 21176, Time: 00:44:09

Health: -6/92      AC: 41    Str: 20    XL:     14   Next: 26%
Magic:  15/27      EV:  8    Int: 28    God:    the Shining One [*****.]
Gold:   895        SH:  0    Dex: 10    Spells: 28/32 levels left

rFire   . . .      SeeInvis .    E - +2 quarterstaff (speed)
rCold   . . .      Faith    .    (shield currently unavailable)
rNeg    + + +      Spirit   .    V - +7 chain mail of Kixkistram {Int+6 Slay+3}
rPois   ∞          Reflect  .    P - +2 helmet {Int+3}
rElec   +          Harm     .    o - +0 cloak
rCorr   .          Rampage  .    h - +0 pair of gloves
Will    +....                    M - +0 pair of boots
Stlth   ..........               (no amulet)
HPRegen 0.35/turn                n - +6 ring of strength
MPRegen 0.20/turn                x - +4 ring of protection

@: flying, glowing, studying Staves
A: sickness immunity, AC +10, big wings, negative energy resistance 1,
electricity resistance, torment resistance 1, petrification resistance
a: Renounce Religion, Divine Shield, Cleansing Flame, Summon Divine Warrior


You were on level 5 of the Lair of Beasts.
You worshipped the Shining One.
The Shining One was extremely pleased with you.
You visited 3 branches of the dungeon, and saw 18 of its levels.

You collected 970 gold pieces.
You spent 75 gold pieces at shops.

Inventory:

Hand Weapons
 m - a +0 short sword
 t - a +0 flail of protection
 D - a +0 dire flail of holy wrath
 E - a +2 quarterstaff of speed (weapon)
Missiles
 C - 4 silver javelins
Armour
 h - a +0 pair of gloves (worn)
 o - a +0 cloak (worn)
 M - a +0 pair of boots (worn)
 P - a +2 helmet of intelligence (worn)
 S - a +0 buckler of cold resistance
 V - the +7 chain mail of Kixkistram (worn) {Int+6 Slay+3}
   (You found it on level 9 of the Dungeon)

   Int:       It affects your intelligence (+6).
   Slay:      It affects your accuracy & damage with ranged weapons and melee
   (+3).
Jewellery
 n - a +6 ring of strength (left hand)
 v - a ring of resist corrosion
 x - a +4 ring of protection (right hand)
 A - a +6 ring of intelligence
 B - a ring of protection from fire
 K - a ring of fire
Wands
 y - a wand of flame (10)
 F - a wand of iceblast (14)
 L - a wand of charming (3)
 T - a wand of mindburst (6)
Scrolls
 c - 2 scrolls of immolation {unknown}
 d - 3 scrolls of enchant weapon {unknown}
 e - 2 scrolls of fog {unknown}
 g - 2 scrolls of brand weapon {unknown}
 i - 4 scrolls of fear {unknown}
 j - 4 scrolls of poison {unknown}
 p - a scroll of amnesia {unknown}
 q - 9 scrolls of teleportation
 r - 3 scrolls of magic mapping {unknown}
 s - 4 scrolls of vulnerability {unknown}
 H - 2 scrolls of silence {unknown}
 I - a scroll of summoning {unknown}
 O - a scroll of identify
 Q - 2 scrolls of noise {unknown}
 Y - a scroll of blinking {unknown}
Potions
 a - a potion of resistance
 b - a potion of magic
 f - 3 potions of haste
 l - 2 potions of lignification
 u - 2 potions of ambrosia
 w - 3 potions of flight
 z - a potion of cancellation
 G - 2 potions of berserk rage
 J - 8 potions of curing
 N - 4 potions of heal wounds
 R - a potion of might
 U - 2 potions of brilliance
 W - 3 potions of mutation
Miscellaneous
 k - a phial of floods
 X - a phantom mirror
 Z - a box of beasts


   Skills:
 + Level 12.6 Fighting
 - Level 1.7(2.1) Maces & Flails
 - Level 1.9(2.2) Staves
 - Level 10.7 Armour
 - Level 1.6 Dodging
 - Level 5.1 Stealth
 - Level 7.9 Shields
 - Level 9.5 Spellcasting
 - Level 6.9 Conjurations
 - Level 0.7 Transmutations
 * Level 7.8 Fire Magic
 - Level 12.6 Earth Magic


You had 28 spell levels left.
You knew the following spells:

 Your Spells              Type           Power      Damage    Failure   Level
a - Sandblast             Erth           100%       2d20      1%          1
b - Stone Arrow           Conj/Erth      100%       3d13      1%          3

Your spell library contained the following spells:

 Spells                   Type           Power      Damage    Failure   Level
 Magic Dart               Conj           100%       1d8       1%          1
 Passwall                 Tmut/Erth      41%        N/A       2%          2
 Searing Ray              Conj           100%       2d8       2%          2
 Lee's Rapid Deconstruct  Erth           35%        3d18*     4%          5
 Sticky Flame             Conj/Fire      53%        2d7       14%         4
 Petrify                  Tmut/Erth      50%        N/A       19%         4
 Dazzling Flash           Conj/Hex       64%        N/A       21%         3
 Hailstorm                Conj/Ice       32%        3d8       21%         3
 Ignite Poison            Fire/Tmut/Pois 29%        N/A       26%         3
 Summon Small Mammal      Summ           52%        N/A       28%         1
 Kindle Blastsparks       Fire/Tloc/Air  56%        2d14      28%         3
 Fulminant Prism          Conj/Hex       16%        3d10      56%         4
 Iskenderun's Mystic Bla  Conj/Tloc      32%        2d8       56%         4
 Call Canine Familiar     Summ           13%        N/A       65%         3
 Ozocubu's Armour         Ice            13%        N/A       65%         3
 Summon Guardian Golem    Hex/Summ       13%        N/A       65%         3
 Starburst                Conj/Fire      26%        6d8       91%         6
 Ice Form                 Ice/Tmut       15%        N/A       94%         4
 Metabolic Englaciation   Hex/Ice        6%         N/A       100%        5
 Simulacrum               Ice/Necr       6%         N/A       100%        6
 Ignition                 Fire           27%        3d9       100%        8


Dungeon Overview and Level Annotations

Branches:
Dungeon (12/15)            Temple (1/1) D:6            Lair (5/5) D:10
 Shoals (0/4) Lair:2       Spider (0/4) Lair:3        Slime (0/5) Lair:5
    Orc: D:9-12

Altars:
Ashenzari
Cheibriados
Dithmenos
Elyvilon
Fedhas
Gozag
Hepliaklqana
Makhleb
Nemelex Xobeh
Okawaru
Qazlal
Ru
Sif Muna
Trog
Uskayaw
Vehumet
Wu Jian
Xom
Yredelemnul
Zin
The Shining One
Jiyva

Shops:
D:7 !

Portals:
Ice
Cave: D:12

Annotations:
D:3 2 transporters, MakMorn's ghost, weakling AtFi
D:8 Amaemon
Lair:1 2 transporters, p00ps00p's ghost, journeyman HOFi
Lair:4 exclusion: orange crystal statue


Innate Abilities, Weirdness & Mutations

You are immune to sickness and miasma.
Your stone body is resilient. (AC +10)
You are immune to poison.
Your large and strong wings let you fly.
You resist negative energy. (rN+)
You are resistant to electric shocks. (rElec)
You are resistant to unholy torment.
You are immune to petrification.


Message History

Unknown command.
Casting: Stone Arrow (safe; 1% risk of failure)
Confirm with . or Enter, or press ? or * to list all spells.
Aiming: Stone Arrow (safe; 1% risk of failure)
Press: ? - help, Shift-Dir - straight line, f - fire dragon
Aim: a fire dragon (haloed, 88% to hit)
The stone arrow hits the fire dragon!
The fire dragon is lightly wounded.
Unknown command.
Casting: Stone Arrow (safe; 1% risk of failure)
Confirm with . or Enter, or press ? or * to list all spells.
Aiming: Stone Arrow (safe; 1% risk of failure)
Press: ? - help, Shift-Dir - straight line, f/p - fire dragon
Aim: a fire dragon (lightly wounded, haloed, 88% to hit)
The stone arrow hits the fire dragon.
The fire dragon is lightly wounded.
The fire dragon bites you but does no damage.
The fire dragon closely misses you.
The fire dragon tramples you but does no damage.
Casting: Stone Arrow (safe; 1% risk of failure)
Confirm with . or Enter, or press ? or * to list all spells.
Aiming: Stone Arrow (safe; 1% risk of failure)
Press: ? - help, Shift-Dir - straight line, f/p - fire dragon
Aim: a fire dragon (lightly wounded, haloed, 88% to hit)
The stone arrow hits the fire dragon.
The fire dragon is moderately wounded.
The fire dragon bites you!
The fire dragon claws you but does no damage.
The fire dragon closely misses you.
Casting: Stone Arrow (safe; 1% risk of failure)
Confirm with . or Enter, or press ? or * to list all spells.
Aiming: Stone Arrow (safe; 1% risk of failure)
Press: ? - help, Shift-Dir - straight line, f/p - fire dragon
Aim: a fire dragon (moderately wounded, haloed, 88% to hit)
The stone arrow hits the fire dragon!
The fire dragon is heavily wounded.
The fire dragon breathes flames at you. The blast of flame hits you!!!
Ouch! That really hurt!
You die...

##8##≈...#.........§§#######.....
8#..#...§##÷..##....§≈##≈≈##.....
.....#§≈≈≈§#≈§≈≈#...≈≈#≈≈≈##.....
.....##§≈≈≈§§≈≈≈§...§≈≈≈####.....
......##≈######≈≈.§..≈≈≈# #.....
......≈≈##!...##§§....≈≈## #.....
.....§≈≈#:$....#§§§....§8###.....
.....≈≈≈#$.....'.......≈###...÷..
.....≈≈≈#!.....D@§§...§≈8##......
.....#≈≈#$!....#≈≈≈§§.≈≈###..[...
...###≈.##$...##≈§.§§§≈####...†..
8#...#§§.######≈≈#.§§≈≈8##.......
###≈..≈§§§§§≈≈≈≈≈##..§≈###.......
#§≈§#..#≈§§≈###≈####§§####[......
≈§§###...≈≈§§.######§## #........
≈≈##8....#≈....##§≈≈§# ##........
≈####.....#.....#§§§≈# #.........


You could see a fire dragon (catching breath).

Vanquished Creatures
  3 catoblepae
  5 hydras
  2 boulder beetles
  A two-headed ogre (D:9)
  A fire crab (Lair:5)
  Pikel (D:8)
  9 elephants
  6 black mambas
  3 molten gargoyles (Lair:5)
  13 cane toads
  An orange demon (D:8)
  An unseen horror (D:8)
  An efreet (D:8)
  6 rime drakes
  2 kobold demonologists (D:11)
  12 komodo dragons
  3 trolls
  4 polar bears
  4 slime creatures (D:11)
  17 blink frogs
  Prince Ribbit (D:8)
  2 vampires
  A shadow (D:12)
  10 wyverns
  8 basilisks
  20 yaks
  A redback (Lair:3)
  4 steam dragons
  8 vampire mosquitoes
  Edmund (D:6)
  4 hell hounds (Lair:5)
  6 orc warriors
  17 water moccasins
  An ice beast (D:6)
  A sky beast (D:6)
  2 black bears
  4 centaurs
  A wolf (D:12)
  3 kobold brigands
  12 bullfrogs
  A necrophage (D:7)
  2 gnoll sergeants
  4 scorpions
  10 wights
  5 howler monkeys
  6 electric eels
  A crimson imp (D:7)
  8 lava snakes
  A human zombie (D:4)
  2 hounds
  A jelly (D:7)
  8 orc priests
  3 gnoll boudas
  4 iguanas
  10 orc wizards
  25 gnolls
  6 adders
  5 white imps
  3 worms
  7 dart slugs
  39 orcs
  13 ball pythons
  10 endoplasms
  4 giant cockroaches
  9 goblins
  6 hobgoblins
  3 quokkas
  8 bats
  5 frilled lizards
  12 kobolds
  6 rats
  A rat zombie (D:4)
430 creatures vanquished.

Vanquished Creatures (others)
  An elephant (Lair:5)
  16 fungi
  35 plants
52 creatures vanquished.

Grand Total: 482 creatures vanquished

Notes
Turn   | Place    | Note
-------+----------+-------------------------------------------
     0 | D:1      | AigisTheKnight the Gargoyle Earth Elementalist began the
                  | quest for the Orb.
     0 | D:1      | Reached XP level 1. HP: 10/10 MP: 3/3
   141 | D:1      | Reached XP level 2. HP: 16/16 MP: 3/5
   228 | D:1      | Found a faded altar of an unknown god.
   264 | D:1      | Reached skill level 1 in Fighting
   672 | D:1      | Reached XP level 3. HP: 20/20 MP: 4/6
  1495 | D:2      | Reached XP level 4. HP: 26/26 MP: 5/8
  1800 | D:2      | Identified the +1 scale mail "Addushez" {Int+3 Slay+3}
  2247 | D:3      | Reached skill level 1 in Conjurations
  2247 | D:3      | Reached XP level 5. HP: 29/31 MP: 2/9
  2283 | D:3      | Reached skill level 1 in Armour
  3072 | D:3      | Found a transporter.
  3072 | D:3      | Noticed MakMorn's ghost (weakling AtFi)
  3133 | D:3      | Reached skill level 5 in Earth Magic
  3133 | D:3      | Reached XP level 6. HP: 33/37 MP: 2/10
  3232 | D:3      | Found a snail-covered altar of Cheibriados.
  3346 | D:3      | Found a transporter.
  4077 | D:4      | Found a blossoming altar of Fedhas.
  4088 | D:4      | Found a burning altar of Makhleb.
  4099 | D:4      | Found a radiant altar of Vehumet.
  4117 | D:4      | Found a glowing silver altar of Zin.
  4165 | D:5      | Entered Level 5 of the Dungeon
  4217 | D:5      | Reached XP level 7. HP: 41/41 MP: 10/12
  4322 | D:5      | Found a hide-covered altar of Uskayaw.
  4363 | D:5      | Learned a level 3 spell: Stone Arrow
  4510 | D:5      | Found a sacrificial altar of Ru.
  5315 | D:5      | Reached XP level 8. HP: 11/48 MP: 6/14
  5694 | D:6      | Reached skill level 1 in Maces & Flails
  5905 | D:6      | Found a staircase to the Ecumenical Temple.
  5905 | D:6      | Noticed Edmund
  5921 | D:6      | Killed Edmund
  6068 | Temple   | Entered the Ecumenical Temple
  6118 | Temple   | Became a worshipper of the Shining One
  6327 | D:7      | Found Dyesewupu's Distillery.
  6335 | D:7      | Reached skill level 5 in Fighting
  6663 | D:7      | Found a basalt altar of Yredelemnul.
  6820 | D:7      | Reached skill level 5 in Spellcasting
  6820 | D:7      | Reached XP level 9. HP: 54/54 MP: 12/16
  6990 | D:7      | Reached skill level 5 in Armour
  6990 | D:7      | Reached skill level 5 in Conjurations
  7402 | D:7      | Reached * piety under the Shining One
  7593 | D:7      | Found a shimmering blue altar of Sif Muna.
  7594 | D:7      | Found a shadowy altar of Dithmenos.
  7874 | D:7      | Bought a potion of heal wounds for 75 gold pieces
  8096 | D:8      | Found an iron altar of Okawaru.
  8117 | D:8      | Reached XP level 10. HP: 47/61 MP: 8/19
  8276 | D:8      | Noticed Pikel
  8294 | D:8      | Killed Pikel
  8296 | D:8      | Noticed Amaemon
  8553 | D:6      | Reached ** piety under the Shining One
  9184 | D:8      | Noticed Prince Ribbit
  9190 | D:8      | Killed Prince Ribbit
  9212 | D:8      | Noticed an unseen horror
  9219 | D:8      | Killed an unseen horror
  9413 | D:8      | Noticed an orange demon
  9429 | D:8      | Killed an orange demon
  9600 | D:8      | Reached skill level 1 in Shields
  9735 | D:9      | Identified the +7 chain mail of Kixkistram {Int+6 Slay+3}
  9763 | D:9      | Noticed a two-headed ogre
  9767 | D:9      | Killed a two-headed ogre
  9768 | D:9      | Reached XP level 11. HP: 68/68 MP: 11/21
 10184 | D:9      | You fall into a shaft and drop 3 floors!
 10279 | D:12     | Found a frozen archway.
 10281 | D:12     | Noticed an ice dragon
 10307 | D:12     | Reached skill level 10 in Earth Magic
 10719 | D:11     | Reached *** piety under the Shining One
 10917 | D:11     | Reached skill level 1 in Staves
 11125 | D:11     | Noticed a cyclops
 11130 | D:10     | Entered Level 10 of the Dungeon
 11329 | D:10     | Found a shimmering altar of Xom.
 11330 | D:10     | Found a hazy altar of Hepliaklqana.
 11875 | D:10     | Found a staircase to the Lair.
 12568 | Lair:1   | Entered Level 1 of the Lair of Beasts
 12693 | Lair:1   | Noticed a boulder beetle
 12716 | Lair:1   | Killed a boulder beetle
 12717 | Lair:1   | Reached skill level 5 in Stealth
 12837 | Lair:1   | Reached XP level 12. HP: 66/76 MP: 23/23
 13113 | Lair:1   | Noticed p00ps00p's ghost (journeyman HOFi)
 13114 | Lair:1   | Reached **** piety under the Shining One
 13364 | Lair:1   | Found a transporter.
 13378 | Lair:1   | Noticed a spriggan berserker
 13443 | Lair:1   | Reached skill level 5 in Shields
 13538 | Lair:1   | Found a transporter.
 13543 | Lair:1   | Found a bloodstained altar of Trog.
 13716 | Lair:2   | Noticed a catoblepas
 13726 | Lair:2   | Killed a catoblepas
 14376 | Lair:2   | Found a staircase to the Shoals.
 14994 | Lair:3   | Found a hole to the Spider Nest.
 15002 | Lair:3   | Reached skill level 10 in Fighting
 15372 | Lair:3   | Noticed a five-headed hydra
 15377 | Lair:3   | Killed a five-headed hydra
 15505 | Lair:3   | Noticed a six-headed hydra
 15510 | Lair:3   | Killed a six-headed hydra
 15682 | Lair:3   | Noticed a catoblepas
 15689 | Lair:3   | Killed a catoblepas
 15820 | Lair:3   | Reached skill level 10 in Armour
 16274 | Lair:4   | Reached XP level 13. HP: 83/83 MP: 24/26
 18186 | Lair:5   | Entered Level 5 of the Lair of Beasts
 18193 | Lair:5   | Reached skill level 1 in Fire Magic
 18360 | Lair:5   | Reached ***** piety under the Shining One
 19025 | Lair:5   | Reached skill level 5 in Fire Magic
 19040 | Lair:5   | Found a viscous altar of Jiyva.
 19040 | Lair:5   | Found a staircase to the Slime Pits.
 19359 | Lair:5   | Gained mutation: Your large and strong wings let you fly.
                  | [Gargoyle growth]
 19359 | Lair:5   | Reached XP level 14. HP: 78/92 MP: 14/27
 19629 | Lair:5   | Found a large runed translucent door.
 19630 | Lair:5   | Found a large runed translucent door.
 21176 | Lair:5   | Killed from afar by a fire dragon

Illustrated notes

Levels and vault maps discovered:
D:1:      lemuel_arrival_river_bridge, layout_basic,
          shapermc_ecumenical_altar_ellora
D:2:      layout_rooms
D:3:      layout_basic, cheibrodos_worm_habitat, gammafunk_ghost_stat_death,
          minmay_misc_feat_columns
D:4:      layout_rooms, nicolae_overflow_quartered_altars, enter_ossuary_3,
          minivault_1
D:5:      layout_loops_ring, nicolae_uskayaw_suspiria,
          nicolae_ru_sacrificial_ziggurat, nrook_campfire, solitary_fountain
D:6:      layout_rooms, minmay_temple_entry_fiery, uniq_edmund
D:7:      minmay_chambers_of_fours, layout_loops_corners,
          mainiacjoe_overflow_divided_tiny, yredelemnul_altar_generic,
          minivault_27, nicolae_wooded_promenade, minmay_fire_ice_demons
D:8:      layout_loops_ring, kennysheep_okawaru_gauntlet,
          minmay_misc_feat_plants, minmay_radiant, uniq_prince_ribbit1,
          uniq_amaemon, uniq_pikel
D:9:      layout_irregular_city
D:10:     layout_roguey, regret_index_temple_of_mockery, lair_entry_dummy,
          serial_curves, eino_curves_01, eino_curves_04,
          minmay_tree_intersection, grunt_ministairs_2,
          ebering_dispersal_statue_hall
D:11:     layout_roguey, orc_0_dummy
D:12:     layout_basic, portal_ice_cave_entry_animals_and_master,
          onia_ninara_dug_in_and_dangerous
Temple:   nicolae_temple_bog_church
Lair:1:   layout_regular_city, gammafunk_ghost_wrathful_warriors,
          grunt_megastairs_2
Lair:2:   layout_roguey, elwin_shoals_entry_rocks, infiniplex_staircase_pool_2
Lair:3:   layout_roguey, spider_nest_entry_webs
Lair:4:   layout_cave_pods, serial_bayou_pond_d, disabler_island
Lair:5:   cheibrodos_lair_end_hotspot, layout_regular_city,
          dpeg_slime_entry_corner, serial_bayou_lagoon_b

Skill      XL: |  1  2  3  4  5  6  7  8  9 10 11 12 13 14 |
---------------+-------------------------------------------+-----
Fighting       | 1 2 3 4 5 6 8 9 10 12 | 12.6
Earth Magic    | 4 5 6 7 8 9 10 12 | 12.6
Spellcasting   | 3 4 5 6 7 9 |  9.5
Conjurations   | 1 2 3 4 6 |  6.9
Armour         | 1 2 3 4 6 7 8 10 | 10.7
Maces & Flails | 1 |  1.7
Shields        | 2 4 6 7 |  7.9
Stealth        | 5 |  5.1
Staves         | 1 |  1.9
Fire Magic     | 6 7 |  7.8
Dodging        | |  1.6
Transmutations | |  0.7

Action                   |  1- 3 |  4- 6 |  7- 9 | 10-12 | 13-15 || total
-------------------------+-------+-------+-------+-------+-------++-------
Melee: Unarmed           |     8 |     1 |       |       |       ||     9
       Short sword       |       |    31 |       |       |       ||    31
       Flail             |       |    35 |    30 |       |       ||    65
       Punch             |       |     1 |       |       |       ||     1
       Quarterstaff      |       |       |    13 |   267 |   215 ||   495
 Cast: Sandblast         |    42 |   130 |   119 |   137 |    61 ||   489
       Stone Arrow       |       |       |    24 |   121 |   170 ||   315
Evoke: Wand              |       |       |     3 |       |       ||     3
  Use: Scroll            |       |       |       |    12 |     3 ||    15
 Stab: Sleeping          |       |     1 |     1 |       |       ||     2
Armor: Skin              |     1 |       |       |       |       ||     1
       Leather armour    |     4 |    71 |    44 |       |       ||   119
       Scale mail        |       |       |    54 |    27 |       ||    81
       Chain mail        |       |       |       |   276 |   377 ||   653
Dodge: Dodged            |    11 |   130 |    67 |   170 |   128 ||   506

Table legend: (Time is in decaauts)
 A = Elapsed time spent in this place.
 B = Non-inter-level travel time spent in this place.
 C = Inter-level travel time spent in this place.
 D = Time resting spent in this place.
 E = Time spent auto-exploring this place.
 F = Levels seen in this place.
 G = Mean time per level.
                   A        B        C        D        E       F      G
               +--------+--------+--------+--------+--------+-----+--------+
         Total |  21370 |  20322 |   1048 |   2472 |  14122 |  18 | 1187.2 |
       Dungeon |  12705 |  11798 |    907 |   1529 |   7849 |  12 | 1058.8 |
        Temple |     80 |     54 |     26 |      0 |     38 |   1 |   80.0 |
          Lair |   8584 |   8469 |    115 |    943 |   6234 |   5 | 1716.8 |
               +--------+--------+--------+--------+--------+-----+--------+

Top non-repeatable levels by time:
  Lair:5: 2967 daAuts
  Lair:4: 2022 daAuts
     D:7: 1955 daAuts
     D:5: 1361 daAuts
     D:1: 1323 daAuts
  Lair:3: 1262 daAuts
     D:3: 1229 daAuts
  Lair:2: 1191 daAuts
  Lair:1: 1140 daAuts
    D:10: 1117 daAuts
     D:2: 1088 daAuts
     D:6: 1067 daAuts
     D:8: 961 daAuts
     D:9: 842 daAuts
     D:4: 807 daAuts
